 Dungeon Crawl Stone Soup version 0.19.0-24-gb05acd6 (webtiles) character file.

36 Nimsei the Cudgeler (level 3, 0/28 HPs)
             Began as a Demonspawn Gladiator on Nov 20, 2016.
             Was an Initiate of Nemelex Xobeh.
             Killed by nerve-wracking pain
             ... invoked by Grinder
              (11 damage)
             ... while paralysed by Grinder
             ... on level 3 of the Dungeon.
             The game lasted 00:06:57 (1309 turns).

Nimsei the Cudgeler (Demonspawn Gladiator)          Turns: 1309, Time: 00:06:57

Health: 0/28       AC: 10    Str: 15    XL:     3   Next: 19%
Magic:  3/3        EV:  2    Int:  9    God:    Nemelex Xobeh [......]
Gold:   62         SH:  0    Dex: 19    Spells: 0 memorised, 2 levels left

rFire  . . .     SeeInvis .     l - +0 morningstar
rCold  . . .     Gourm    .     k - +0 ring mail
rNeg   . . .     Faith    .     (no shield)
rPois  .         Spirit   .     b - +1 helmet
rElec  .         Reflect  .     e - +0 cloak
rCorr  .         Harm     .     (no gloves)
MR     .....                    (no boots)
Stlth  ++........               (no amulet)
                                (no ring)
                                (no ring)

@: paralysed, agile
A: claws 1, slimy green scales 1
a: Renounce Religion


You were on level 3 of the Dungeon.
You worshipped Nemelex Xobeh.
Nemelex Xobeh was noncommittal.
You were not hungry.

You visited 1 branch of the dungeon, and saw 3 of its levels.

You collected 62 gold pieces.

Inventory:

Hand Weapons
 a - a +0 flail
 l - a +0 morningstar (weapon)
Missiles
 d - 3 throwing nets (quivered)
Armour
 b - a +1 helmet (worn)
 e - a +0 cloak (worn)
 k - a +0 ring mail (worn)
Potions
 j - a potion of flight
 o - a potion of brilliance {unknown}
Miscellaneous
 m - a plain deck of summoning
Comestibles
 c - a royal jelly
 f - a bread ration
 g - a chunk of flesh
 h - a fruit
 i - 4 meat rations


   Skills:
 + Level 2.3 Fighting
 + Level 3.2 Maces & Flails
 + Level 1.8 Throwing
 + Level 0.5 Armour
 + Level 3.1 Dodging


You had 2 spell levels left.
You didn't know any spells.

Dungeon Overview and Level Annotations

Branches:
Dungeon (3/15)

Altars:
Ashenzari
Kikubaaqudgha
Nemelex Xobeh

Annotations:
D:3 Grinder


Innate Abilities, Weirdness & Mutations

You have sharp fingernails.
You are partially covered in slimy green scales. (AC +2)


Message History

Grinder gestures at you. You resist with significant effort.
Grinder says, "My boss said I was rubbish.
His entrails said otherwise."
Grinder gestures at you. Pain shoots through your body!
* * * LOW HITPOINT WARNING * * *
Unknown command.
It was a potion of agility.
You feel agile all of a sudden.
Grinder says, "Don't move a muscle."
Grinder blinks!
Found a beef jerky.
Found a meat ration.
Grinder gestures at you.
You suddenly lose the ability to move!
Grinder says, "You look like you could use a good racking."
Grinder gestures at you. Pain shoots through your body!
You die...
Your body disappears without a glow.

...####.#.%.#
........#..##
...##......#
#...##.#
##..###.####
........5..#
%.....##..#..#
+##+#+##..#..###
.........@.#
...####.####
.... ### ... ...


You could see Grinder.

Vanquished Creatures
  An adder (D:3)
  A worm (D:2)
  A giant cockroach (D:1)
  6 goblins
  3 hobgoblins
  6 bats
  2 frilled lizards
  2 kobolds
  2 rats (D:2)
24 creatures vanquished.

Notes
Turn   | Place    | Note
-------+----------+-------------------------------------------
     0 | D:1      | Nimsei the Demonspawn Gladiator began the quest for the Orb.
     0 | D:1      | Reached XP level 1. HP: 16/16 MP: 1/1
   346 | D:1      | Gained mutation: You are partially covered in slimy green scales. (AC +2) [demonic ancestry]
   346 | D:1      | Reached XP level 2. HP: 21/22 MP: 2/2
   867 | D:2      | Found a sparkling altar of Nemelex Xobeh.
   877 | D:2      | Became a worshipper of Nemelex Xobeh the Trickster
   886 | D:2      | Received a gift from Nemelex Xobeh
  1035 | D:2      | Found a shattered altar of Ashenzari.
  1088 | D:2      | Found an ancient bone altar of Kikubaaqudgha.
  1088 | D:2      | Found a faded altar of an unknown god.
  1093 | D:2      | Found a faded altar of an unknown god.
  1095 | D:2      | Found a faded altar of an unknown god.
  1096 | D:2      | Found a faded altar of an unknown god.
  1235 | D:3      | Gained mutation: You have sharp fingernails. [demonic ancestry]
  1235 | D:3      | Reached XP level 3. HP: 27/27 MP: 3/3
  1274 | D:3      | Noticed Grinder
  1307 | D:3      | Paralysed by Grinder for 5 turns
  1309 | D:3      | Killed from afar by Grinder

Skill      XL: |  1  2 |
---------------+-------+-----
Dodging        | 3 |  3.1
Maces & Flails | 3 |  3.2
Fighting       | |  2.3
Throwing       | |  1.8
Armour         | |  0.5

Action                   || total
-------------------------++-------
Melee: Flail             ||    65
       Morningstar       ||    43
  Use: Scroll            ||     2
       Potion            ||     1
  Eat: Chunk             ||     1
Armor: Ring mail         ||    69
       Leather armour    ||     7
Dodge: Dodged            ||   103
